 Dungeon Crawl Stone Soup version 0.19.1 (webtiles) character file.

179 Drake the Slasher (level 5, -3/40 HPs)
             Began as a Demonspawn Gladiator on May 22, 2017.
             Killed by nerve-wracking pain
             ... invoked by an orc priest
              (5 damage)
             ... on level 4 of the Dungeon.
             The game lasted 00:12:55 (3474 turns).

Drake the Slasher (Demonspawn Gladiator)            Turns: 3474, Time: 00:12:56

Health: -3/40      AC: 12    Str: 16      XL:     5   Next: 33%
Magic:  6/6        EV:  5    Int:  7 (9)  God:
Gold:   138        SH:  0    Dex: 14      Spells: 1 memorised, 5 levels left

rFire  . . .     SeeInvis .     a - +0 long sword
rCold  . . .     Gourm    .     b - +1 plate armour
rNeg   . . .     Faith    .     (no shield)
rPois  .         Spirit   .     c - +0 helmet
rElec  .         Reflect  .     (no cloak)
rCorr  .         Harm     .     (no gloves)
MR     .....                    (no boots)
Stlth  ..........               (no amulet)
                                (no ring)
                                e - ring of stealth

@: confused, exhausted, slowed, very slow
A: hooves 1, demonic guardian 1, powered by pain 2
a: no special abilities


You were on level 4 of the Dungeon.
You were not hungry.

You visited 1 branch of the dungeon, and saw 4 of its levels.

You collected 138 gold pieces.

Inventory:

Hand Weapons
 a - a +0 long sword (weapon)
Missiles
 d - 3 throwing nets (quivered)
Armour
 b - a +1 plate armour (worn)
 c - a +0 helmet (worn)
Jewellery
 e - a ring of stealth (left hand)
Wands
 j - a wand of confusion (38/48)
Scrolls
 f - a scroll of identify
 l - 2 scrolls of recharging
Books
 g - a book of Minor Magic

   Spells                             Type                      Level
   a - Magic Dart                     Conjuration                  1
   b - Blink                          Translocation                2
   c - Call Imp                       Summoning                    2
   d - Repel Missiles                 Charms/Air                   2
   e - Slow                           Hexes                        2
   f - Conjure Flame                  Conjuration/Fire             3
   g - Mephitic Cloud                 Conjuration/Poison/Air       3


   Skills:
 - Level 2.9 Fighting
 - Level 4.1 Long Blades
 - Level 1.7 Throwing
 - Level 3.3 Dodging
 * Level 1.2 Spellcasting
 * Level 1.3 Conjurations


You had 5 spell levels left.
You knew the following spells:

 Your Spells              Type           Power        Failure   Level  Hunger
a - Magic Dart            Conj           #...         100%        1    ##.....


Dungeon Overview and Level Annotations

Branches:
Dungeon (4/15)
 Temple: D:4-7

Altars:


Innate Abilities, Weirdness & Mutations

You have large cloven feet.
A weak demonic guardian rushes to your aid.
You sometimes gain power by taking damage.


Message History

The orc priest is moderately wounded.
Something hits you but does no damage.
You feel sick.
The orc priest begins to cast a cantrip, but forgets the words!
A magic dart appears from out of thin air!
The magic dart hits you!
* * * LOW HITPOINT WARNING * * *
Something hits your white imp but does no damage.
You hear some strange, mumbled words.
You are confused.
There is a stone staircase leading up here.
You feel sick.
You are no longer poisoned.
Something closely misses your white imp.
In your confused state, you trip and fall back down the stairs.
* * * LOW HITPOINT WARNING * * *
Something hits you but does no damage.
The orc priest mumbles some strange prayers to Beogh against you.
Pain shoots through your body!
You die...

♣♣......######## P.
♣.PPP...(......#
..P..♣............#.######
#.PPP.........##......#..
.....P.......#.####.##.#.#
#########...##.####.##....
##.###......##....
#######(###########....
#....5@....########..##
#.##5#o.##........#..#.
#####.##.#oo##........#..#.
.......#)...##........#....
.....$..o#.###........#....
......)....# ##.......#.##.
#######...## #.......#PP..
.....# #.........♣..
#.....# #######...♣♣.


You could see an orc priest, 2 orcs and 2 friendly white imps.

Vanquished Creatures
  2 orc priests
  A gnoll (D:1)
  3 adders
  2 dart slugs (D:1)
  A leopard gecko (D:1)
  5 orcs
  9 bats
  5 giant cockroaches
  8 goblins
  7 hobgoblins
  3 jackals (D:1)
  A quokka (D:2)
  2 ball pythons
  7 frilled lizards
  9 kobolds
  2 leopard gecko skeletons (D:4)
  8 rats
75 creatures vanquished.

Vanquished Creatures (collateral kills)
  An adder (D:4)
1 creature vanquished.

Grand Total: 76 creatures vanquished

Notes
Turn   | Place    | Note
-------+----------+-------------------------------------------
     0 | D:1      | Drake the Demonspawn Gladiator began the quest for the Orb.
     0 | D:1      | Reached XP level 1. HP: 16/16 MP: 1/1
   211 | D:1      | Reached skill level 3 in Long Blades
   211 | D:1      | Gained mutation: You sometimes gain a little power by taking damage. [demonic ancestry]
   211 | D:1      | Reached XP level 2. HP: 8/23 MP: 2/2
   764 | D:1      | Gained mutation: You have large cloven feet. [demonic ancestry]
   764 | D:1      | Reached XP level 3. HP: 19/28 MP: 3/3
  1960 | D:3      | Gained mutation: You sometimes gain power by taking damage. [demonic ancestry]
  1960 | D:3      | Reached XP level 4. HP: 18/34 MP: 4/4
  2077 | D:3      | Reached skill level 4 in Long Blades
  2544 | D:3      | Learned a level 1 spell: Magic Dart
  2684 | D:3      | Gained mutation: A weak demonic guardian rushes to your aid. [demonic ancestry]
  2684 | D:3      | Reached XP level 5. HP: 40/40 MP: 5/5
  3451 | D:4      | Reached skill level 1 in Spellcasting
  3451 | D:4      | Reached skill level 1 in Conjurations
  3474 | D:4      | HP: 2/40 [fell downstairs (1)]
  3474 | D:4      | Killed from afar by an orc priest

Skill      XL: |  1  2  3  4  5 |
---------------+----------------+-----
Long Blades    | 3 4 |  4.1
Dodging        | 3 |  3.3
Spellcasting   | 1 |  1.2
Conjurations   | 1 |  1.3
Fighting       | |  2.9
Throwing       | |  1.7

Action                   |  1- 3 |  4- 6 || total
-------------------------+-------+-------++-------
Melee: Long sword        |   107 |   104 ||   211
       Kick              |    15 |    28 ||    43
  Use: Scroll            |       |     4 ||     4
       Potion            |       |     6 ||     6
  Eat: Bread ration      |     1 |       ||     1
       Fruit             |       |     2 ||     2
       Meat ration       |       |     1 ||     1
Armor: Leather armour    |    47 |     1 ||    48
       Plate armour      |       |    84 ||    84
       Scale mail        |       |     1 ||     1
Dodge: Dodged            |   101 |    34 ||   135
       Rpst.: Long sword |    33 |    11 ||    44
